 Dungeon Crawl Stone Soup version 0.19-a0-1002-g674d22e (webtiles) character file.

1169 Jraekied the Conjurer (level 8, -1/61 HPs)
             Began as a Black Draconian Earth Elementalist on July 18, 2016.
             Was a Follower of Fedhas.
             Slain by an orc warrior
             ... wielding a +0 glaive
              (20 damage)
             ... on level 6 of the Dungeon.
             The game lasted 00:24:45 (3674 turns).

Jraekied the Conjurer (DrEE)                        Turns: 3674, Time: 00:24:46

Health: -1/61      AC:  7    Str: 16    XL:     8   Next: 17%
Magic:  6/14       EV: 12    Int: 20    God:    Fedhas [*.....]
Gold:   236        SH:  0    Dex: 11    Spells: 4 memorised, 2 levels left

rFire  x . .     SeeInvis +     y - +9 dagger of the Insatiable Wishes {pierce, *Corrode Str+4 Int+3 SInv}
rCold  + . .     Gourm    .     (armour unavailable)
rNeg   . . .     Faith    .     (no shield)
rPois  .         Spirit   .     (helmet restricted)
rElec  +         Dismiss  .     (no cloak)
rCorr  .         Reflect  .     x - +2 pair of gloves
SustAt .         Harm     .     w - +1 pair of boots
MR     .....                    (no amulet)
Stlth  ++........               u - ring of ice
                                q - ring of flight

@: corroded, not resistant to hostile enchantments, unstealthy
A: breathe lightning, unfitting armour, electricity resistance, cold-blooded, AC
+6
a: Breathe Lightning, Evolution, Renounce Religion, Evoke Flight


You were on level 6 of the Dungeon.
You worshipped Fedhas.
Fedhas was aware of your devotion.
You were not hungry.

You visited 1 branch of the dungeon, and saw 6 of its levels.

You collected 236 gold pieces.

Inventory:

Hand Weapons
 a - a +0 short sword
 h - a +0 flail of protection
 k - a -2 dagger
 m - a +0 whip of freezing
 y - the +9 dagger of the Insatiable Wishes (weapon) {pierce, *Corrode Str+4 Int+3 SInv}
   (You found it on level 4 of the Dungeon)

   It inflicts extra damage upon your enemies.
   It affects your strength (+4).
   It affects your intelligence (+3).
   It lets you see invisible.
   It may corrode you when you take damage.
Missiles
 b - 123 stones (quivered)
Armour
 w - a +1 pair of boots (worn)
 x - a +2 pair of gloves (worn)
Jewellery
 g - an uncursed amulet of guardian spirit
 q - a ring of flight (left hand)
 r - an uncursed ring of positive energy
 u - a ring of ice (right hand)
 z - an uncursed ring of positive energy
Wands
 o - a wand of random effects (25/48)
 B - a wand of teleportation (3/9)
 C - a wand of acid (11/15)
Scrolls
 f - 2 scrolls of remove curse
 i - a scroll of fear
 n - 2 scrolls of enchant weapon
 s - a scroll of identify
 t - a scroll of teleportation
 v - 2 scrolls of random uselessness
Potions
 e - 3 potions of curing
 l - a potion of agility
 p - a potion of invisibility
Books
 d - a book of Geomancy

   Spells                             Type                      Level
   a - Sandblast                      Earth                        1
   b - Passwall                       Transmutation/Earth          2
   c - Stone Arrow                    Conjuration/Earth            3
   d - Petrify                        Transmutation/Earth          4
   e - Lee's Rapid Deconstruction     Earth                        5
 A - a book of the Dragon

   Spells                             Type                      Level
   a - Flame Tongue                   Conjuration/Fire             1
   b - Cause Fear                     Hexes                        4
   c - Bolt of Fire                   Conjuration/Fire             6
   d - Dragon Form                    Transmutation                7
   e - Dragon's Call                  Summoning                    9
Comestibles
 c - 5 bread rations
 j - 2 meat rations


   Skills:
 + Level 2.1 Fighting
 * Level 2.5 Short Blades
 - Level 1.7 Dodging
 - Level 1.7 Stealth
 - Level 4.3 Spellcasting
 - Level 5.5 Conjurations
 - Level 1.2 Transmutations
 - Level 5.0 Earth Magic


You had 2 spell levels left.
You knew the following spells:

 Your Spells              Type           Power        Failure   Level  Hunger
a - Sandblast             Erth           ###...       1%          1    None
b - Stone Arrow           Conj/Erth      ####..       6%          3    ###....
c - Lee's Rapid Deconstr  Erth           ###.......   45%         5    ######.
d - Petrify               Tmut/Erth      ###.....     38%         4    ####...


Dungeon Overview and Level Annotations

Branches:
Dungeon (6/15)             Temple (0/1) D:4

Altars:
Fedhas
Makhleb
Okawaru
Vehumet


Innate Abilities, Weirdness & Mutations

You can breathe wild blasts of lightning.
Your glossy black scales are hard. (AC +6)
Your body does not fit into most forms of armour.
You are resistant to electric shocks. (rElec)
You are cold-blooded and may be slowed by cold attacks.


Message History

Fedhas protects your plant from harm.
The stone arrow hits the orc warrior.
The orc warrior is heavily wounded.
You swap places.
The orc warrior hits you from afar with a glaive!
Your corrosive artefact corrodes you!
The orc priest invokes the aid of Beogh against you.
Beogh smites you!
Casting: Stone Arrow
Confirm with . or Enter, or press ? or * to list all spells.
Aiming: Sandblast
Press: ? - help, Shift-Dir - straight line, f/p - orc warrior
Aim: an orc warrior, wielding a glaive and wearing a plate armour (heavily wounded)
The blast of sand misses the orc warrior.
The orc warrior hits you from afar with a glaive!
A bat comes into view.
You swap places.
The bat moves out of view.
The orc warrior hits you from afar with a glaive!!
You die...
Fedhas appreciates your contribution to the ecosystem.

#.# #...#.#
#.###...#.#
..........#
#####.#.#####
#.#......
#######....####
##.....f.......##
...########.#...###
#### #....#...f@f#
#.###.#..f#.#
#.##.##o# # #.
#.##o##.# #.
#.##oo..### #(
#(##.b....# ..
#.##...##..# ##
#.##..## .# #.##..#


You could see an orc warrior, an orc priest, 2 orcs, a bat and 3 friendly
wandering mushrooms.

Vanquished Creatures
  Eustachio (D:4)
  The ghost of plsesad the Skirmisher, an amateur FoMo (D:3)
  An ice beast (D:6)
  An orc warrior (D:6)
  A hound (D:4)
  Ijyb (D:1)
  2 iguanas (D:4)
  Natasha (thrice) (D:3)
  2 worker ants (D:4)
  3 adders
  A worm (D:2)
  4 dart slugs
  3 giant geckos
  13 orcs
  2 giant cockroaches (D:1)
  4 goblins
  5 hobgoblins
  2 jackals (D:4)
  5 kobolds
  2 quokkas
  3 ball pythons
  3 bats (D:2)
  7 giant newts
  A quokka zombie (D:5)
  12 rats
83 creatures vanquished.

Vanquished Creatures (collateral kills)
  Pikel (D:4)
  An ogre (D:4)
  2 orc priests (D:4)
  2 orc wizards
  A worker ant (D:4)
  An adder (D:4)
  A shadow imp (D:6)
  A worm (D:5)
  3 orcs
  A giant cockroach (D:4)
  A giant newt (D:4)
  A quokka zombie (D:6)
16 creatures vanquished.

Vanquished Creatures (others)
  A giant cockroach (D:4)
  A wandering mushroom (D:4)
  33 toadstools
35 creatures vanquished.

Grand Total: 134 creatures vanquished

Notes
Turn   | Place    | Note
-------+----------+-------------------------------------------
     0 | D:1      | Jraekied the Draconian Earth Elementalist began the quest for the Orb.
     0 | D:1      | Reached XP level 1. HP: 14/14 MP: 3/3
   273 | D:1      | Reached XP level 2. HP: 16/20 MP: 0/5
   913 | D:2      | Reached XP level 3. HP: 26/26 MP: 4/6
   938 | D:2      | Noticed Ijyb
   957 | D:1      | Learned a level 3 spell: Stone Arrow
   998 | D:1      | Killed Ijyb
  1098 | D:2      | Reached XP level 4. HP: 30/33 MP: 3/8
  1125 | D:2      | Found a blossoming altar of Fedhas.
  1135 | D:2      | Became a worshipper of Fedhas Madash
  1553 | D:2      | Found a burning altar of Makhleb.
  1677 | D:3      | Noticed plsesad's ghost (amateur FoMo)
  1759 | D:3      | Noticed Natasha
  1773 | D:3      | Killed Natasha
  1778 | D:3      | Noticed Natasha
  1783 | D:3      | Killed Natasha
  1783 | D:3      | Reached skill level 1 in Conjurations
  1786 | D:3      | Reached XP level 5. HP: 35/38 MP: 4/9
  1946 | D:3      | Noticed Natasha
  1955 | D:3      | Killed Natasha
  2041 | D:3      | Reached * piety under Fedhas
  2195 | D:3      | Killed plsesad's ghost
  2195 | D:3      | Reached skill level 5 in Earth Magic
  2195 | D:3      | Reached XP level 6. HP: 35/45 MP: 1/11
  2422 | D:4      | Noticed Eustachio
  2447 | D:4      | Killed Eustachio
  2526 | D:4      | Your scales start taking on a glossy black colour.
  2526 | D:4      | Reached XP level 7. HP: 26/50 MP: 5/12
  2526 | D:4      | Gained mutation: You are resistant to electric shocks. (rElec) [Black Draconian growth]
  2675 | D:4      | Noticed Pikel
  2691 | D:4      | Killed Pikel
  2691 | D:4      | Reached skill level 5 in Conjurations
  2733 | D:4      | Reached skill level 5 in Earth Magic
  2818 | D:4      | Learned a level 5 spell: Lee's Rapid Deconstruction
  2823 | D:4      | Learned a level 4 spell: Petrify
  2853 | D:4      | Got a translucent dagger
  2854 | D:4      | Identified the +9 dagger of the Insatiable Wishes {pierce, *Corrode Str+4 Int+3 SInv} (You found it on level 4 of the Dungeon)
  2956 | D:4      | Found a staircase to the Ecumenical Temple.
  3126 | D:5      | Entered Level 5 of the Dungeon
  3175 | D:5      | Found an iron altar of Okawaru.
  3207 | D:5      | Found a radiant altar of Vehumet.
  3492 | D:6      | Reached skill level 1 in Fighting
  3492 | D:6      | Reached skill level 1 in Short Blades
  3492 | D:6      | Reached XP level 8. HP: 32/60 MP: 14/14
  3674 | D:6      | Slain by an orc warrior

Vault maps used:
D:1:      dpeg_chamrin_arrival_tetris, minmay_lizard_king
D:2:      lightli_temple_of_fire, old_standard_altar, uniq_iyjb
D:3:      first_bread, minmay_quantized, uniq_natasha
D:4:      solitary_fountain, uniq_eustachio, uniq_pikel
D:5:      nicolae_overflow_crystal_walls, okawaru_ov_weapons_minmay
D:6:      roderic_batcave

Skill      XL: |  1  2  3  4  5  6  7  8 |
---------------+-------------------------+-----
Earth Magic    | 4 5 4 5 |  5.0
Spellcasting   | 3 4 |  4.3
Conjurations   | 1 3 4 5 |  5.5
Fighting       | 1 2 |  2.1
Short Blades   | 1 2 |  2.5
Dodging        | |  1.7
Stealth        | |  1.7
Transmutations | |  1.2

Action                   |  1- 3 |  4- 6 |  7- 9 || total
-------------------------+-------+-------+-------++-------
Melee: Unarmed           |     6 |       |       ||     6
       Dagger            |    13 |       |    46 ||    59
       Tailslap          |     1 |     4 |     3 ||     8
       Short sword       |       |    96 |     6 ||   102
 Cast: Sandblast         |    45 |    65 |    37 ||   147
       Stone Arrow       |       |       |     1 ||     1
       Lee's Rapid Decon |       |       |     1 ||     1
Invok: Evolution         |       |     4 |       ||     4
 Abil: Breathe Lightning |       |       |     1 ||     1
Evoke: Wand              |       |     1 |       ||     1
  Use: Scroll            |     4 |     1 |     3 ||     8
       Potion            |     2 |     2 |       ||     4
 Stab: Invisible         |     2 |       |       ||     2
       Sleeping          |       |     1 |       ||     1
  Eat: Chunk             |     1 |     5 |       ||     6
       Bread ration      |       |       |     1 ||     1
Armor: Skin              |    21 |    57 |    20 ||    98
Dodge: Dodged            |    34 |    44 |    39 ||   117
